 Dungeon Crawl Stone Soup version 0.28.0-45-g0d030f2227 (webtiles) character file.

Game seed: 1178641280861423328

333 Zeld the Shield-Bearer (level 6, -2/48 HPs)
             Began as a Formicid Fighter on Apr 7, 2022.
             Slain by a wyvern zombie (10 damage)
             ... on level 7 of the Dungeon.
             The game lasted 00:06:08 (5203 turns).

Zeld the Shield-Bearer (Formicid Fighter)           Turns: 5203, Time: 00:06:09

Health: -2/48      AC:  7    Str: 23    XL:     6   Next: 82%
Magic:  6/6        EV: 10    Int:  7    God:
Gold:   171        SH:  5    Dex: 10    Spells: 5/5 levels left

rFire   . . .      SeeInvis +   a - +0 war axe
rCold   . . .      Faith    .   c - +0 buckler
rNeg    . . .      Spirit   .   b - +0 scale mail
rPois   .          Reflect  .   (helmet unavailable)
rElec   .          Harm     .   (no cloak)
rCorr   .          Rampage  .   (no gloves)
Will    +....                   (no boots)
Stlth   ..........              (no amulet)
HPRegen 0.16/turn               n - ring of flight
MPRegen 0.10/turn               p - ring of willpower

@: lethally poisoned (-2 -> -12), flying
A: permanent stasis, dig shafts and tunnels, antennae 3, four strong arms
a: Dig, Shaft Self


You were on level 7 of the Dungeon.
You visited 1 branch of the dungeon, and saw 6 of its levels.

You collected 171 gold pieces.

Inventory:

Hand Weapons
 a - a +0 war axe (weapon)
Armour
 b - a +0 scale mail (worn)
 c - a +0 buckler (worn)
Jewellery
 n - a ring of flight (left hand)
 p - a ring of willpower (right hand)
Scrolls
 e - 6 scrolls of identify {unknown}
 g - a scroll of enchant weapon {unknown}
 h - a scroll of magic mapping {unknown}
 l - a scroll of fear {unknown}
 m - a scroll of noise {unknown}
Potions
 d - 3 potions of might
 f - a potion of attraction {unknown}
 i - a potion of haste
 j - a potion of curing {unknown}
 k - a potion of lignification {unknown}
 o - a potion of brilliance {unknown}


   Skills:
 + Level 4.2 Fighting
 * Level 4.0 Axes
 + Level 4.1 Armour
 + Level 1.8 Dodging
 * Level 5.4 Shields


You had 5 spell levels left.
You didn't know any spells.
Your spell library was empty.

Dungeon Overview and Level Annotations

Branches:
Dungeon (4/15)
 Temple: D:4-7

Altars:
Elyvilon
Sif Muna
Uskayaw

Annotations:
D:4 Pikel


Innate Abilities, Weirdness & Mutations

You cannot be hasted, slowed, berserked, paralysed or teleported.
You can dig through walls and to a lower floor.
You have a pair of large antennae on your head. (SInv)
Your four strong arms can wield two-handed weapons with a shield.


Message History

The water moccasin zombie closely misses you.
The gnoll barely misses you.
You block the water moccasin zombie's attack.
You closely miss the water moccasin zombie.
The water moccasin zombie is lightly damaged.
The water moccasin zombie closely misses you.
The gnoll hits you from afar with a +0 spear.
You are too injured to fight recklessly!
You completely miss the water moccasin zombie.
The water moccasin zombie is lightly damaged.
The water moccasin zombie barely misses you.
The gnoll closely misses you.
The water moccasin zombie closely misses you.
You are too injured to fight recklessly!
A gnoll comes into view. It is wielding a +0 spear.
Are you sure you want to shaft yourself? [Y]es or [N]o only, please.
Are you sure you want to shaft yourself?
You begin to dig a shaft.
You continue digging a shaft.
The gnoll barely misses you. A shaft appears beneath you!
You are sucked into a shaft and drop 2 floors!
The shaft crumbles and collapses.
Found an escape hatch in the ceiling.
Found a stone staircase leading down.
Unknown command.
Unknown command.
Unknown command.
You block the wyvern zombie's attack. The wyvern zombie bites you.
The scorpion stings you but does no damage.
The scorpion stings you. The scorpion stings you.
You are poisoned.
The scorpion poisons you! The wyvern zombie barely misses you.
There is an escape hatch in the ceiling here.
You feel very sick. The scorpion stings you.
* * * LOW HITPOINT WARNING * * *
The wyvern zombie bites you!
You die...

...##
....##
#Z...##
#.⌠...#
##.....#
#....#.#
##...##
#.Zs.# {
#.@.##
#...# {
##### {
{ {{


You could see a scorpion, a wyvern zombie and a centaur skeleton.

Vanquished Creatures
  A hound (D:4)
  A jelly (D:4)
  An orc priest (D:4)
  A bullfrog skeleton (D:5)
  Jessica (D:2)
  2 iguanas
  6 adders
  An adder skeleton (D:4)
  3 worms
  A dart slug (D:2)
  3 orcs (D:4)
  3 endoplasms
  7 goblins
  6 hobgoblins
  5 jackals
  6 kobolds
  4 quokkas
  7 ball pythons
  10 bats
  2 frilled lizards
  4 rats
75 creatures vanquished.

Vanquished Creatures (others)
  An ice beast (D:5)
1 creature vanquished.

Grand Total: 76 creatures vanquished

Notes
Turn   | Place    | Note
-------+----------+-------------------------------------------
     0 | D:1      | Zeld the Formicid Fighter began the quest for the Orb.
     0 | D:1      | Reached XP level 1. HP: 18/18 MP: 1/1
   594 | D:1      | Reached XP level 2. HP: 13/24 MP: 2/2
  1603 | D:2      | Reached skill level 4 in Shields
  1603 | D:2      | Reached XP level 3. HP: 28/29 MP: 3/3
  1623 | D:2      | Identified the +0 robe of Eplytygy {Harm rF- Will++ Str+4}
  1992 | D:2      | Noticed Jessica
  2008 | D:2      | Killed Jessica
  2009 | D:2      | Reached XP level 4. HP: 6/37 MP: 4/4
  2291 | D:2      | Reached skill level 1 in Dodging
  2520 | D:2      | Found a faded altar of an unknown god.
  3150 | D:3      | Reached XP level 5. HP: 24/42 MP: 5/5
  3492 | D:3      | Found a shimmering blue altar of Sif Muna.
  3500 | D:3      | Found a white marble altar of Elyvilon.
  3772 | D:3      | Found a hide-covered altar of Uskayaw.
  4426 | D:4      | Reached skill level 5 in Shields
  4426 | D:4      | Reached XP level 6. HP: 45/48 MP: 6/6
  4715 | D:4      | Noticed Pikel
  4725 | D:4      | You are sucked into a shaft and drop 1 floor!
  4725 | D:5      | Entered Level 5 of the Dungeon
  4859 | D:5      | Killed an ice beast
  5198 | D:5      | You are sucked into a shaft and drop 2 floors!
  5203 | D:7      | Slain by a wyvern zombie

Illustrated notes

Levels and vault maps discovered:
D:1:      beargit_arrival_diablo_church, layout_basic,
          hangedman_abyss_or_decor_lesser_grid
D:2:      layout_basic, shapermc_ecumenical_altar_mp_highgroup, uniq_jessica
D:3:      layout_loops_ring, mainiacjoe_overflow_catwalk_spiral,
          nicolae_uskayaw_murder_on_the_dancefloor, minmay_misc_feat_room
D:4:      layout_loops_ring, uniq_pikel, uniq_crazy_yiuf_cottage
D:5:      layout_loops_ring, nicolae_dithmenos_the_darkroom,
          mainiacjoe_overflow_cross_hatched, lemuel_temple_firewalk_b
D:7:      cheibrodos_fertilizer, layout_cave_pools,
          mainiacjoe_overflow_chevrons, grunt_ministairs_12,
          chequers_serial_rivers_large_b, dk_noncrumbling_3, uniq_harold

Skill      XL: |  1  2  3  4  5  6 |
---------------+-------------------+-----
Shields        | 4 5 |  5.4
Dodging        | 1 |  1.8
Axes           | 3 4 |  4.0
Fighting       | 4 |  4.2
Armour         | 4 |  4.1

Action                   |  1- 3 |  4- 6 || total
-------------------------+-------+-------++-------
Melee: War axe           |    87 |   181 ||   268
 Abil: Dig               |     1 |       ||     1
       Shaft Self        |       |     2 ||     2
Armor: Scale mail        |    33 |    88 ||   121
Dodge: Dodged            |    48 |   102 ||   150
Block: Buckler           |    14 |    44 ||    58
